Description

On va analyser ensemble un Bo vraiment surpuissant en PvZ quand il n'est pas scooté, il s'agit du 9 Gates Dark Templar.

L'objectif est d'avoir une macro solide, tout en envoyant un gros timing attack à 5min40 avec 9 Dark Templars, prêts à découper des couveuses, et enchainer avec un drop / harass au warp prism DT

VOD

https://youtu.be/fcPH75xJtj0

Replay - Chris vs Cookiejar 9dt build!!

Build Order

Get SALT Encoding   

  14  0:20  Pylon  
  17  1:00  Nexus  Puis aller scooter
  17  1:10  Gateway  
  18  1:25  Assimilator  
  19  1:30  Assimilator  
  20  1:45  Pylon  
  22  2:00  Cybernetics Core  Puis cacher la probe sur la carte
  29  2:45  Mothership Core  
  31  2:50  Stalker  
  33  2:51  Warp Gate  
  34  3:00  Pylon  Posé avec la probe cachée
  37  3:15  Pylon  
  37  3:20  Twilight Council  Sur le pylon caché
  39  3:25  Zealot  
  44  3:45  Pylon  
  45  3:50  Gateway x2  
  47  4:00  Dark Shrine  Sur le pylon caché, puis envoyer la probe cacher un proxy pylon
  47  4:10  Assimilator x2  
  52  4:30  Pylon  Proxy
  52  4:35  Gateway x6  
Spawning Tool Build Advisor. Get it on Overwolf

Analysis

A 5min40 vous devez avoir 9DT warpés sur le proxy pylon, prêts à découper des couveuses ! Une fois warpés, envoyez une robo, une B3, puis une forge ainsi qu'un conseil crépusculaire. Lancez les améliorations d'attaque, le blink et un warp prism aussi tôt que possible. Le warp prism sera utile pour continuer inlassablement le harass :)

IMPORTANT: N'envoyez pas tous les DT d'un seul coup, et utilisez la technique montrée dans la vidéo afin de profiter des déplacement d'armées en jouant avec des attaques simultanées sur toutes les bases.

Go to:

Details

  • Created by: Ownards 
  • Published on: Dec 12, 2015
  • Modified on: Dec 12, 2015
  • Patch: Pre-3.8.0
Show
View Real Time Build Order
Export as new Build Order

Comments (2)

On Dec. 13, 2015, 2:59 p.m., Ownards  said:

Thanks for your comment :D Actually i think spawningtool is the best website for replays, so i think its where there'll be more visibility, even for french players ^_^

On Dec. 13, 2015, 7:19 a.m., MorN  said:

Great to see builds explained in other languages on the site too! My hope is that the site can help everyone, regardless of language. You are helping that be the case!

Create an account to comment!